 Dungeon Crawl Stone Soup version 0.13-a0-1762-gc06daff (webtiles) character file.

51943 Ursine the Brawler (level 14, -5/141 HPs)
             Began as a Troll Fighter on June 22, 2013.
             Was a High Priest of Okawaru.
             Slain by an orc warrior
             ... wielding a +0,+2 orcish mace of holy wrath
             ... led by an orc knight
              (26 damage)
             ... on Level 4 of the Orcish Mines.
             The game lasted 01:01:08 (20556 turns).

Ursine the Brawler (Troll Fighter)                 Turns: 20556, Time: 01:01:08

HP  -5/141       AC 10     Str 27      XL: 14   Next:  6%
MP  11/14        EV 12     Int  8      God: Okawaru [*****.]
Gold 2259        SH 24     Dex 10      Spells:  0 memorised, 13 levels left

Res.Fire  : + . .   See Invis. : +     - Unarmed
Res.Cold  : . . .   Warding    : .   R - +1 troll leather armour
Life Prot.: . . .   Conserve   : .   m - +3 shield of the Amoeba {Dam+5}
Res.Poison: .       Res.Corr.  : .   (helmet restricted)
Res.Elec. : .       Clarity    : +   K - +1 dwarf cloak
Sust.Abil.: . .     Spirit.Shd : .   (gloves unavailable)
Res.Mut.  : .       Stasis     : .   (boots unavailable)
Res.Rott. : .       Flight     : .   v - amulet of clarity
Gourmand  : +                        M - ring of protection from fire
                                     G - ring of see invisible

@: very slightly contaminated, somewhat resistant to hostile enchantments, very
unstealthy
A: unfitting armour, claws 3, fast metabolism 3, gourmand, regeneration 2,
saprovore 2, tough skin 2, AC +1, Dex +1
a: Heroism, Finesse, Renounce Religion


You were on level 4 of the Orcish Mines.
You worshipped Okawaru.
Okawaru was exalted by your worship.
You were full.

You visited 4 branches of the dungeon, and saw 22 of its levels.
You also visited: Labyrinth and Volcano.

You collected 2239 gold pieces.


Innate Abilities, Weirdness & Mutations

You are too large for most types of armour.
You have claws for hands.
Your metabolism is lightning-fast.
You like to eat raw meat.
You heal very quickly.
You can eat rotten meat.
You are covered in fur (AC +1).
You have very tough skin (AC +2).
You are agile (Dex +1).


   Skills:
 - Level 11.0 Fighting
 - Level 9.0 Dodging
 - Level 6.9 Shields
 - Level 0.8 Traps
 - Level 18.3 Unarmed Combat
 + Level 4.6 Invocations


You had 13 spell levels left.
You didn't know any spells.

Inventory:

Hand weapons
 h - a +0,+0 giant club
 Q - the +6,+4 giant spiked club of Invincibility {freeze, rN+ SInv}
   (Okawaru gifted it to you on level 5 of the Lair of Beasts)

   It has been specially enchanted to freeze those struck by it, causing extra
   injury to most foes and up to double damage against particularly susceptible
   opponents.
   It can also slow down cold-blooded creatures.
   It protects you from negative energy.
   It enhances your eyesight.
 Y - the +2,+5 dagger of Chance {stab, MR++ SInv, unknown}
   (You found it in a labyrinth)

   It inflicts extra damage upon your enemies.
   It affects your resistance to hostile enchantments.
   It enhances your eyesight.
Missiles
 g - a javelin (quivered)
Armour
 c - a +0 shield
 m - the +3 shield of the Amoeba (worn) {Dam+5}
   (You took it off a red devil on level 8 of the Lair of Beasts)

   It affects your damage-dealing abilities (+5).
 r - a +1 robe of fire resistance
 s - a +1 animal skin of fire resistance
 K - a +1 dwarven cloak (worn)
 R - a +1 troll leather armour (worn)
Magical devices
 b - a wand of frost (3)
 n - a wand of teleportation (0)
 q - a wand of heal wounds (0) {unknown}
 S - a wand of enslavement (13)
 T - a wand of flame (9)
 W - a wand of random effects (3) {unknown}
 Z - a wand of teleportation (2)
Comestibles
 a - 3 meat rations
 f - 2 apples
 l - 7 bread rations
 z - a beef jerky
 E - 3 pears
 N - a royal jelly
Scrolls
 j - a scroll of identify
 o - 2 scrolls of teleportation
 F - a scroll of remove curse
 V - 2 scrolls of curse weapon {unknown}
Jewellery
 v - an amulet of clarity (around neck)
 A - an uncursed ring of life protection
 B - an uncursed amulet of rage
 G - a ring of see invisible (left claw)
 L - an uncursed ring of teleportation
 M - a ring of protection from fire (right claw)
Potions
 i - a potion of restore abilities
 k - 4 potions of brilliance
 p - a potion of flight
 w - a potion of porridge
 J - 2 potions of resistance
Miscellaneous
 O - a stone of tremors
 P - a legendary deck of changes {the Trowel}

··· ·········
···········
·············
···············
·············o··
··o··············
···················
··▒······oTo·······
·········oo···<····
··········o▒·······
··········T········
·············o·····
▒·······▒········
▒·······▒▒······
········· ··▒··
··▒····▒ ····


You could see a troll, 3 orc warriors and 5 orcs.


Message History

An orc warrior comes into view. It is wielding an orcish glaive.
The orc warrior shouts!
An orc comes into view.
The orc shouts!
The orc knight roars a battle-cry!
The orcs go into a battle-frenzy!
You block the orc's attack.
Found a stone staircase leading up.
An orc, 2 orc warriors, an orc wizard and a troll come into view.
Unknown command.
Unknown command.
Unknown command.
Unknown command.
Unknown command.
Unknown command.
Unknown command.
An orc comes into view. It is wielding an orcish flail.
The orc shouts!
The orc warrior shouts!
You block the orc's attack.
Unknown command.
The orc wizard casts a spell.
The orc wizard seems to speed up. 2 orcs come into view.
Unknown command.
The orc shouts!
The orc knight roars a battle-cry!
The orcs go into a battle-frenzy!
You closely miss the orc.
The orc warrior hits you from afar with an orcish glaive!
* * * LOW HITPOINT WARNING * * *
The orc warrior hits you with a glowing orcish mace!
You die...

Action                   |  1- 3 |  4- 6 |  7- 9 | 10-12 | 13-15 || total
-------------------------+-------+-------+-------+-------+-------++-------
Melee: Unarmed           |    90 |   129 |   463 |   922 |   550 ||  2154
Throw: Javelin           |       |       |     8 |    10 |    11 ||    29
Invok: Heroism           |       |       |       |    21 |    19 ||    40
       Finesse           |       |       |       |       |     1 ||     1
Evoke: Wand              |       |       |     3 |    20 |     5 ||    28
       Miscellaneous     |       |       |       |     1 |       ||     1
  Use: Scroll            |     3 |     4 |     5 |    23 |     9 ||    44
       Potion            |       |     1 |    11 |     5 |    12 ||    29
 Stab: Invisible         |       |     3 |       |       |       ||     3

Vault maps used:
D:1:      dpeg_entry_sounds_drone
D:2:      grunt_temple_overflow_holy_war, evilmike_ruin_ashenzari, uniq_terence
D:3:      fedhas_altar_3, uniq_grinder
D:4:      serial_shops, shop, minmay_statues_item,
          eino_small_chamber_without_monster, minmay_gold_behind_plants
D:5:      minmay_temple_entry_fiery, first_bread
D:6:      general_overflow_altar, david_orc_3, serial_glass, glass_columns_a,
          glass_columns_a, glass_columns_a, glass_columns_a, glass_columns_c,
          glass_columns_a, basic_altar, minmay_misc_feat_room,
          uniq_blork_the_orc
D:7:      grunt_temple_overflow_lords_of_destruction, serial_shops, shop,
          minmay_misc_feat_cross
D:8:      overflow_temple_1_default, erik_lair_orcish_takeover, basic_altar,
          hangedman_abyss_or_decor_stagger, minmay_misc_feat_columns
D:9:      overflow_temple_1_default, okawaru_gym_becter, serial_shops, shop,
          serial_bayou_pond_e
Temple:   circular_temple_6
Orc:2:    basic_altar, serial_shops, shop, enter_volcano_3, uniq_urug
Orc:3:    uniq_donald
Orc:4:    serial_shops, shop, st_orc_pillars, uniq_erica
Lair:1:   lab_entry_generic, uniq_nergalle
Lair:2:   serial_bayou_pond_c
Lair:5:   minmay_shoals_entry_centaurs, uniq_harold
Lair:6:   minmay_swamp_entry_swarm, spider_nest_entry_a, st_stairs_11
Lair:7:   minmay_slime_entry_jelly_boxes, minmay_holes
Lair:8:   evil_forest, hibernation_bobbens
Lab:      nicolae_lab_dead_adventurers, labyrinth_hungry_ghost,
          labyrinth_single_monster, nicolae_lab_grate, nicolae_lab_t_cross
Volcano:  volcano_pools

Notes
Turn   | Place    | Note
--------------------------------------------------------------
     0 | D:1      | Ursine, the Troll Fighter, began the quest for the Orb.
     0 | D:1      | Reached XP level 1. HP: 23/23 MP: 0/0
   109 | D:1      | Reached XP level 2. HP: 31/31 MP: 0/0
   190 | D:1      | Reached skill level 3 in Unarmed Combat
   782 | D:2      | Noticed Terence
   788 | D:2      | Killed Terence
   788 | D:2      | Reached XP level 3. HP: 37/37 MP: 1/1
   818 | D:2      | Reached skill level 4 in Unarmed Combat
   844 | D:2      | Found a shattered altar of Ashenzari.
  1155 | D:2      | Reached XP level 4. HP: 46/46 MP: 1/1
  1220 | D:2      | Found a glowing golden altar of the Shining One.
  1221 | D:2      | Noticed an angel
  1305 | D:2      | Found a basalt altar of Yredelemnul.
  1306 | D:2      | Noticed a profane servitor
  1479 | D:3      | Found a blossoming altar of Fedhas.
  1524 | D:3      | Reached skill level 5 in Unarmed Combat
  1740 | D:3      | Reached XP level 5. HP: 38/53 MP: 1/1
  1939 | D:3      | Noticed Grinder
  1951 | D:3      | Killed Grinder
  1951 | D:3      | Reached skill level 6 in Unarmed Combat
  1951 | D:3      | Reached XP level 6. HP: 37/61 MP: 2/2
  1953 | D:3      | Reached skill level 7 in Unarmed Combat
  2764 | D:4      | Reached XP level 7. HP: 68/68 MP: 2/2
  2818 | D:4      | Reached skill level 8 in Unarmed Combat
  3308 | D:4      | Found Kaanea's Gadget Boutique.
  3635 | D:5      | Entered Level 5 of the Dungeon
  3689 | D:5      | Reached skill level 9 in Unarmed Combat
  4027 | D:5      | Reached XP level 8. HP: 76/76 MP: 2/2
  4245 | D:5      | Found a staircase to the Ecumenical Temple.
  4347 | Temple   | Entered the Ecumenical Temple
  4764 | D:6      | Found a staircase to the Orcish Mines.
  4765 | D:6      | Noticed Blork the orc
  4777 | D:6      | Killed Blork the orc
  4777 | D:6      | Reached skill level 10 in Unarmed Combat
  4925 | D:6      | Found a sparkling altar of Nemelex Xobeh.
  5026 | D:6      | Found a radiant altar of Vehumet.
  5189 | D:6      | Noticed TZer0's ghost (experienced KoAs)
  5200 | D:6      | Killed TZer0's ghost
  5251 | D:6      | Reached skill level 11 in Unarmed Combat
  5377 | D:7      | Reached XP level 9. HP: 56/83 MP: 3/3
  5471 | D:7      | Found Huli Sos' Food Boutique.
  5521 | D:7      | Paralysed by a giant eyeball for 3 turns
  5612 | D:7      | Paralysed by a giant eyeball for 4 turns
  5765 | D:7      | Reached XP level 8. HP: 44/76 MP: 2/2
  5770 | D:7      | Reached XP level 9. HP: 31/83 MP: 3/3
  6178 | D:7      | Found a radiant altar of Vehumet.
  6179 | D:7      | Found a burning altar of Makhleb.
  6625 | D:7      | Reached skill level 12 in Unarmed Combat
  6719 | D:8      | Found a staircase to the Lair.
  7055 | D:8      | Found a bloodstained altar of Trog.
  7697 | D:8      | Found a blossoming altar of Fedhas.
  7722 | D:8      | Reached skill level 13 in Unarmed Combat
  7964 | D:9      | Found a glowing silver altar of Zin.
  7985 | D:9      | Gained mutation: You are agile (Dex +1). [potion of beneficial mutation]
  8054 | D:9      | Found Shaluu's Magical Wand Shoppe.
  8211 | D:9      | Reached XP level 10. HP: 77/92 MP: 3/3
  8384 | D:9      | Found an iron altar of Okawaru.
  8855 | D:9      | Became a worshipper of Warmaster Okawaru
  9030 | D:9      | Reached skill level 14 in Unarmed Combat
  9093 | D:9      | Reached skill level 3 in Dodging
  9233 | Lair:1   | Entered Level 1 of the Lair of Beasts
  9349 | Lair:1   | Noticed Nergalle
  9360 | Lair:1   | Noticed a spectral orc knight
  9363 | Lair:1   | Killed Nergalle
  9363 | Lair:1   | Acquired Okawaru's first power
  9363 | Lair:1   | Reached skill level 4 in Dodging
  9377 | Lair:1   | Killed a spectral orc knight
  9541 | Lair:1   | Found a labyrinth entrance.
  9553 | Lab      | Entered a labyrinth
  9649 | Lab      | Noticed a minotaur
  9655 | Lab      | Killed a minotaur
  9655 | Lab      | Reached skill level 5 in Dodging
  9664 | Lab      | Identified Azrael's Guide on the Volcanoes
  9684 | Lab      | Identified Narigon's Compendium of the Assistive Compass
  9695 | Lab      | Got a twisted dagger
  9785 | Lair:1   | Noticed a five-headed hydra
 10265 | Lair:2   | Reached skill level 15 in Unarmed Combat
 10287 | Lair:2   | Reached XP level 11. HP: 89/98 MP: 1/3
 10288 | Lair:2   | Reached skill level 6 in Dodging
 10937 | Lair:3   | Reached skill level 7 in Dodging
 11334 | Lair:3   | Reached skill level 16 in Unarmed Combat
 11399 | Lair:3   | Reached skill level 8 in Dodging
 11704 | Lair:3   | Reached skill level 3 in Shields
 12040 | Lair:3   | Acquired Okawaru's second power
 12466 | Lair:4   | Noticed a seven-headed hydra
 12477 | Lair:4   | Killed a 11-headed hydra
 12477 | Lair:4   | Reached skill level 4 in Shields
 13390 | Lair:5   | Reached XP level 12. HP: 65/106 MP: 1/4
 13394 | Lair:5   | Reached skill level 5 in Shields
 13513 | Lair:5   | Found a staircase to the Shoals.
 13568 | Lair:5   | Noticed a catoblepas
 13576 | Lair:5   | Killed a catoblepas
 13715 | Lair:5   | Reached skill level 17 in Unarmed Combat
 13718 | Lair:5   | Reached skill level 6 in Shields
 13930 | Lair:5   | Noticed Harold
 13942 | Lair:5   | Killed Harold
 13942 | Lair:5   | Received a gift from Okawaru
 13953 | Lair:5   | Got an ichor-stained giant spiked club {god gift}
 13960 | Lair:5   | Identified the giant spiked club of Invincibility {god gift, freeze, rN+ SInv} (Okawaru gifted it to you on level 5 of the Lair of Beasts)
 14567 | Lair:6   | Found a staircase to the Swamp.
 14611 | Lair:6   | Found a hole to the Spider Nest.
 14680 | Lair:6   | the staircase to the Swamp was a mimic.
 14682 | Lair:6   | Reached skill level 18 in Unarmed Combat
 14966 | Lair:6   | Received a gift from Okawaru
 15117 | Lair:6   | Reached skill level 3 in Fighting
 15472 | Lair:7   | Reached skill level 4 in Fighting
 15572 | Lair:7   | Reached skill level 5 in Fighting
 15806 | Lair:7   | Found a staircase to the Slime Pits.
 16190 | Lair:8   | Entered Level 8 of the Lair of Beasts
 16202 | Lair:8   | Reached skill level 6 in Fighting
 16205 | Lair:8   | Reached XP level 13. HP: 116/122 MP: 3/4
 16209 | Lair:8   | Received a gift from Okawaru
 16365 | Lair:8   | Reached skill level 7 in Fighting
 16389 | Lair:8   | Noticed an eight-headed hydra
 16396 | Lair:8   | Killed a nine-headed hydra
 16495 | Lair:8   | Reached skill level 8 in Fighting
 16706 | Lair:8   | Noticed a five-headed hydra
 16993 | Lair:8   | Noticed a dire elephant
 17005 | Lair:8   | Killed a dire elephant
 17109 | Lair:8   | Noticed a dire elephant
 17120 | Lair:8   | Found a burning altar of Makhleb.
 17120 | Lair:8   | Found a gateway to Hell.
 17120 | Lair:8   | Noticed a sun demon
 17281 | Lair:8   | Reached skill level 9 in Fighting
 17335 | Lair:8   | Killed a 12-headed hydra
 17335 | Lair:8   | Received a gift from Okawaru
 17398 | Lair:8   | Killed a dire elephant
 17711 | Lair:8   | Reached skill level 10 in Fighting
 17735 | Lair:8   | Killed a sun demon
 17842 | Lair:8   | Reached skill level 11 in Fighting
 17844 | Lair:8   | Got a warped shield
 17856 | Lair:8   | Identified the +3 shield of the Amoeba {Dam+5} (You took it off a red devil on level 8 of the Lair of Beasts)
 18418 | Orc:1    | Entered Level 1 of the Orcish Mines
 18895 | Orc:2    | Found a burning altar of Makhleb.
 18900 | Orc:2    | Found Gioxadu's Book Shoppe.
 18971 | Orc:2    | Found a dark tunnel.
 18983 | Volcano  | Entered a volcano
 19298 | Orc:2    | Noticed Urug
 19310 | Orc:2    | Killed Urug
 19310 | Orc:2    | Reached skill level 9 in Dodging
 19965 | Orc:4    | Entered Level 4 of the Orcish Mines
 19965 | Orc:4    | Found a staircase to the Elven Halls.
 20242 | Orc:4    | Reached skill level 1 in Invocations
 20429 | Orc:4    | Reached skill level 2 in Invocations
 20476 | Orc:4    | Reached skill level 3 in Invocations
 20476 | Orc:4    | Reached XP level 14. HP: 108/141 MP: 4/12
 20484 | Orc:4    | Reached skill level 4 in Invocations
 20556 | Orc:4    | Slain by an orc warrior

Vanquished Creatures
  2 dire elephants (Lair:8)
  3 hydras
  A minotaur (Lab)
  Harold (Lair:5)
  2 orc high priests (Orc:4)
  Urug (Orc:2)
  Nergalle (Lair:1)
  A sun demon (Lair:8)
  A catoblepas (Lair:5)
  A wizard (Lair:8)
  2 orc knights (Orc:4)
  2 black mambas
  4 spectral orcs (Lair:1)
  2 griffons
  An orange demon (Lair:8)
  The ghost of TZer0 the Covert, an experienced KoAs (D:6)
  An elephant slug (Lair:6)
  3 elephants (Lair:8)
  11 spiny frogs
  A feature mimic (Lair:6)
  A smoke demon (Lair:8)
  7 hellwings (Lair:8)
  Grinder (D:3)
  5 komodo dragons (Lair:8)
  A troll (D:9)
  A human zombie (Lair:8)
  A two-headed ogre (Orc:4)
  A fire vortex (Volcano)
  2 red devils (Lair:8)
  6 basilisks
  21 blink frogs
  A wyvern (Lair:6)
  2 toenail golems (Volcano)
  A hungry ghost (D:8)
  6 vampire mosquitoes
  4 hippogriffs
  2 molten gargoyles (Volcano)
  40 yaks
  5 fire drakes
  A fire elemental (Volcano)
  A neqoxec (Orc:4)
  7 war dogs
  A boulder beetle (Lair:7)
  An ice beast (D:9)
  A giant goldfish (Lair:2)
  2 phantoms
  7 centaurs
  24 orc warriors
  9 ogres
  A sky beast (D:8)
  A rotting devil (Lair:8)
  A boring beetle (Lair:8)
  10 crocodiles
  15 water moccasins
  7 giant slugs
  2 wargs (D:8)
  13 giant frogs
  An earth elemental (Volcano)
  Blork the orc (D:6)
  5 agate snails
  5 wights (D:7)
  A jellyfish (Lair:6)
  An ogre zombie (D:5)
  6 crimson imps
  8 spiders (Lair:6)
  2 big fish (Lair:6)
  A scorpion (D:8)
  2 goliath beetles
  A hound zombie (D:6)
  8 hounds
  2 iguanas
  20 orc wizards
  5 worker ants
  36 orc priests
  8 porcupines
  8 sheep
  3 jellies
  Terence (D:2)
  12 gnolls
  15 green rats
  21 adders
  2 giant centipedes
  A scorpion zombie (D:8)
  An adder skeleton (D:7)
  4 worms
  3 giant eyeballs
  8 giant geckos
  2 oozes
  140 orcs
  2 ball pythons
  26 bats
  16 goblins
  16 hobgoblins
  33 jackals
  12 kobolds
  9 quokkas
  4 training dummies (D:9)
  12 giant cockroaches
  7 giant newts
  2 giant spores (D:9)
  A goblin zombie (D:5)
  A jackal skeleton (D:4)
  3 kobold skeletons
  21 rats
  A rat zombie (D:6)
  3 ballistomycetes (D:9)
  A plant (D:4)
758 creatures vanquished.

Vanquished Creatures (others)
  A bat (D:9)
  A hobgoblin (D:3)
  A ball python (D:1)
  A quokka (D:2)
  2 fungi
  A plant (Lair:8)
7 creatures vanquished.

Grand Total: 765 creatures vanquished
